 Dungeon Crawl Stone Soup version 0.27-a0-1242-ge70438ac7b (webtiles) character file.

Game seed: 3537885271609761728

42 Glokmah the Sneak (level 3, 0/20 HPs)
             Began as a Vampire Enchanter on June 9, 2021.
             Slain by a jackal (2 damage)
             ... on level 1 of the Dungeon.
             The game lasted 00:04:21 (1857 turns).

Glokmah the Sneak (Vampire Enchanter)               Turns: 1857, Time: 00:04:22

Health: 0/20       AC:  2    Str:  7    XL:     3   Next: 33%
Magic:  1/6        EV: 12    Int: 17    God:
Gold:   89         SH:  0    Dex: 15    Spells: 3/6 levels left

rFire    + . .     SeeInvis +   a - +1 dagger
rCold    + + +     Faith    .   (no shield)
rNeg     + + +     Spirit   .   b - +0 robe
rPois    ∞         Reflect  .   (no helmet)
rElec    +         Harm     .   (no cloak)
rCorr    +         Rampage  .   (no gloves)
Will     .....                  (no boots)
Stlth    +++++.....             (no amulet)
HPRegen  0.00/turn              (no ring)
MPRegen  0.10/turn              (no ring)

@: resistant, bloodless
A: bloodless, fangs 3, see invisible, vampiric 2
a: Bat Form, Revivify


You were on level 1 of the Dungeon.
You visited 1 branch of the dungeon, and saw 2 of its levels.

You collected 89 gold pieces.

Inventory:

Hand Weapons
 a - a +1 dagger (weapon)
Armour
 b - a +0 robe (worn)
 e - a +0 pair of gloves
Jewellery
 f - a ring of protection from fire
Scrolls
 d - 2 scrolls of identify {unknown}
 h - a scroll of fear {unknown}
Potions
 i - a potion of ambrosia {unknown}


   Skills:
 + Level 0.6 Fighting
 * Level 2.0 Short Blades
 - Level 2.1 Dodging
 * Level 5.1 Stealth
 + Level 2.1 Spellcasting
 * Level 4.9 Hexes
 + Level 0.5 Ice Magic


You had 3 spell levels left.
You knew the following spells:

 Your Spells              Type           Power      Damage    Failure   Level
a - Corona                Hex            20%        N/A       2%          1
b - Ensorcelled Hibernat  Hex/Ice        22%        N/A       10%         2

Your spell library contained the following spells:

 Spells                   Type           Power      Damage    Failure   Level
 Confusing Touch          Hex            18%        N/A       8%          3
 Tukima's Dance           Hex            18%        N/A       8%          3
 Dazzling Flash           Conj/Hex       20%        N/A       21%         3


Dungeon Overview and Level Annotations

Branches:
Dungeon (2/15)

Altars:

Annotations:
D:2 Sigmund


Innate Abilities, Weirdness & Mutations

You do not regenerate when monsters are visible.
You are frail without blood (-20% HP).
You can heal yourself when you bite living creatures.
You are immune to poison.
You have razor-sharp teeth.
You have supernaturally acute eyesight. (SInv)
You are afflicted with vampirism and can become a bat while bloodless.


Message History

You climb upwards.
There is a stone staircase leading down here.
You hit the jackal.
The jackal is moderately wounded.
The jackal bites you.
* * * LOW HITPOINT WARNING * * *
You hit the jackal.
The jackal is heavily wounded.
The jackal barely misses you.
You hit the jackal but do no damage.
The jackal is heavily wounded.
The jackal barely misses you. The jackal closely misses you.
Casting: Ensorcelled Hibernation (safe; 10% risk of failure)
Confirm with . or Enter, or press ? or * to list all spells.
Aiming: Corona (safe; 2% risk of failure)
Press: ? - help, Shift-Dir - straight line, f - jackal
Aim: a jackal (heavily wounded, chance to affect: 73%)
The jackal is outlined in light.
The jackal misses you.
You hit the jackal but do no damage.
The jackal is heavily wounded.
The jackal misses you.
You barely miss the jackal.
The jackal is moderately wounded.
The jackal closely misses you. The jackal bites you.
* * * LOW HITPOINT WARNING * * *
You hit the jackal.
The jackal is almost dead.
The jackal barely misses you.
You barely miss the jackal.
The jackal is almost dead.
The jackal bites you.
* * * LOW HITPOINT WARNING * * *
You hit the jackal but do no damage.
The jackal is almost dead.
The jackal closely misses you.
The jackal bites you but does no damage.
You hit the jackal but do no damage.
The jackal is almost dead.
The jackal bites you.
You die...

###### #....# #.##.#
######.##.###############
#......##.......#.......####
#.####.#......#.#...........
#...).[....@................
####.####.h.................
#..........#..#..###.....
#..)+....................
#####............##......
##..............#####
#............#.#
#....##..#)..#.#####
#..........#........


You could see a jackal (corona).

Vanquished Creatures
  A dart slug (D:1)
  6 ball pythons
  2 giant cockroaches (D:1)
  3 goblins
  7 hobgoblins
  2 jackals (D:2)
  3 kobolds (D:1)
  A quokka (D:1)
  5 bats
  4 frilled lizards
  4 rats (D:1)
38 creatures vanquished.

Vanquished Creatures (others)
  7 plants (D:1)
7 creatures vanquished.

Grand Total: 45 creatures vanquished

Notes
Turn   | Place    | Note
-------+----------+-------------------------------------------
     0 | D:1      | Glokmah the Vampire Enchanter began the quest for the Orb.
     0 | D:1      | Reached XP level 1. HP: 13/13 MP: 3/3
   294 | D:1      | Reached XP level 2. HP: 2/19 MP: 3/5
   367 | D:1      | Learned a level 2 spell: Ensorcelled Hibernation
   797 | D:1      | Reached skill level 5 in Stealth
   815 | D:1      | Gained mutation: You are afflicted with vampirism and can
                  | become a bat while bloodless. [Vampire growth]
   815 | D:1      | Reached XP level 3. HP: 20/20 MP: 6/6
  1274 | D:2      | Noticed Sigmund
  1832 | D:2      | HP: 1/20 [jackal (3)]
  1857 | D:1      | Slain by a jackal

Illustrated notes

Levels and vault maps discovered:
D:1:      erik_arrival_cave_to_civilisation [erik_arrival_cave_to_temple],
          layout_basic, serial_bayou_lagoon_a, minmay_misc_feat_iff,
          minmay_tetromino_i2
D:2:      layout_loops_ring, basic_altar, uniq_sigmund, uniq_natasha

Skill      XL: |  1  2  3 |
---------------+----------+-----
Stealth        | 5 |  5.1
Short Blades   | 2 |  2.0
Fighting       | |  0.6
Dodging        | |  2.1
Spellcasting   | |  2.1
Hexes          | |  4.9
Ice Magic      | |  0.5

Action                   || total
-------------------------++-------
Melee: Dagger            ||   107
       Bite              ||     6
 Cast: Corona            ||    11
       Ensorcelled Hiber ||    24
 Abil: Exsanguinate      ||     1
  Use: Potion            ||     2
 Stab: Sleeping          ||    22
Armor: Robe              ||    25
Dodge: Dodged            ||    90

Table legend: (Time is in decaauts)
 A = Elapsed time spent in this place.
 B = Non-inter-level travel time spent in this place.
 C = Inter-level travel time spent in this place.
 D = Time resting spent in this place.
 E = Time spent auto-exploring this place.
 F = Levels seen in this place.
 G = Mean time per level.
                   A        B        C        D        E       F      G
               +--------+--------+--------+--------+--------+-----+--------+
         Total |   1855 |   1703 |    152 |    435 |    755 |   2 |  927.5 |
       Dungeon |   1855 |   1703 |    152 |    435 |    755 |   2 |  927.5 |
               +--------+--------+--------+--------+--------+-----+--------+

Top non-repeatable levels by time:
     D:1: 1484 daAuts
     D:2: 370 daAuts
